 Dungeon Crawl Stone Soup version 0.27.1-1-g398f81649c (webtiles) character file.

Game seed: 4751449408473234937

105 AZSletch the Vexing (level 4, -3/34 HPs)
             Began as a Gnoll Arcane Marksman on Sept 13, 2021.
             Was an Initiate of Hepliaklqana.
             Slain by Crazy Yiuf (12 damage)
             ... on level 2 of the Dungeon.
             The game lasted 00:11:24 (2388 turns).

AZSletch the Vexing (Gnoll Arcane Marksman)         Turns: 2388, Time: 00:11:25

Health: -3/34      AC:  3    Str: 10    XL:     4   Next: 81%
Magic:  5/8        EV: 13    Int: 12    God:    Hepliaklqana [......]
Gold:   89         SH:  0    Dex: 13    Spells: 6/9 levels left

rFire    . . .     SeeInvis .   j - +0 short sword (vamp)
rCold    . . .     Faith    .   (no shield)
rNeg     . . .     Spirit   .   d - +0 robe
rPois    .         Reflect  .   h - +0 helmet
rElec    .         Harm     .   (no cloak)
rCorr    .         Rampage  .   (no gloves)
Will     .....                  (no boots)
Stlth    ++........             f - amulet of regeneration
HPRegen  1.11/turn              o - ring of wizardry
MPRegen  0.11/turn              (no ring)

@: hasted, very quick
A: fangs 1, strong nose, distributed training
a: Renounce Religion


You were on level 2 of the Dungeon.
You worshipped Hepliaklqana.
Hepliaklqana was noncommittal.
You visited 1 branch of the dungeon, and saw 3 of its levels.

You collected 89 gold pieces.

Inventory:

Hand Weapons
 a - a +0 hunting sling
 g - a +0 vorpal mace
 j - a +0 vampiric short sword (weapon)
Missiles
 c - 22 sling bullets
 e - 15 bolts
 k - 43 stones
 l - 8 poisoned darts (quivered)
Armour
 d - a +0 robe (worn)
 h - a +0 helmet (worn)
Jewellery
 f - an amulet of regeneration (around neck)
 o - a ring of wizardry (left hand)
 q - an amulet of guardian spirit
Scrolls
 m - a scroll of acquirement {unknown}
 r - 2 scrolls of enchant weapon {unknown}
 s - a scroll of amnesia {unknown}
 u - a scroll of teleportation {unknown}
Potions
 b - a potion of flight {unknown}
 i - a potion of haste {unknown}
 n - a potion of might {unknown}
 p - a potion of ambrosia {unknown}
 t - 3 potions of attraction {unknown}


   Skills:
 + Level 2.8 Fighting
 + Level 1.2 Short Blades
 + Level 1.2 Long Blades
 + Level 1.2 Axes
 + Level 1.2 Maces & Flails
 + Level 1.2 Polearms
 + Level 1.2 Staves
 + Level 4.7 Slings
 + Level 1.2 Bows
 + Level 1.2 Crossbows
 + Level 1.2 Throwing
 + Level 1.2 Armour
 + Level 4.7 Dodging
 + Level 1.2 Stealth
 + Level 1.2 Shields
 + Level 1.2 Unarmed Combat
 + Level 3.0 Spellcasting
 + Level 1.0 Conjurations
 + Level 5.5 Hexes
 + Level 1.0 Summonings
 + Level 1.0 Necromancy
 + Level 1.0 Translocations
 + Level 1.0 Transmutations
 + Level 1.0 Fire Magic
 + Level 1.0 Ice Magic
 + Level 1.0 Air Magic
 + Level 1.0 Earth Magic
 + Level 1.0 Poison Magic
 + Level 1.4 Invocations
 + Level 1.2 Evocations


You had 6 spell levels left.
You knew the following spells:

 Your Spells              Type           Power      Damage    Failure   Level
a - Corona                Hex            16%        N/A       1%          1
b - Slow                  Hex            15%        N/A       1%          2

Your spell library contained the following spells:

 Spells                   Type           Power      Damage    Failure   Level
 Inner Flame              Hex/Fire       9%         N/A       8%          3
 Portal Projectile        Hex/Tloc       18%        N/A       8%          3
 Cause Fear               Hex            7%         N/A       11%         4


Dungeon Overview and Level Annotations

Branches:
Dungeon (3/15)

Altars:
Ashenzari
Hepliaklqana
Okawaru

Shops:
D:2 ?   D:3 ?

Annotations:
D:2 Crazy Yiuf


Innate Abilities, Weirdness & Mutations

You have very sharp teeth.
Your uncanny sense of smell can sniff out nearby items.
Your experience applies equally to all skills.


Message History

The poisoned dart barely misses Crazy Yiuf.
Casting: Slow (safe; 1% risk of failure)
Confirm with . or Enter, or press ? or * to list all spells.
Aiming: Corona (safe; 1% risk of failure)
Press: ? - help, Shift-Dir - straight line, f/p - Crazy Yiuf
Aim: Crazy Yiuf, wielding a +3 quarterstaff of chaos and wearing a +0 cloak (chance to affect: 61%) Crazy Yiuf is outlined in light.
Casting: Corona (safe; 1% risk of failure)
Confirm with . or Enter, or press ? or * to list all spells.
Aiming: Slow (safe; 1% risk of failure)
Press: ? - help, Shift-Dir - straight line, f/p - Crazy Yiuf
Aim: Crazy Yiuf, wielding a +3 quarterstaff of chaos and wearing a +0 cloak (softly glowing, chance to affect: 61%) Crazy Yiuf resists with significant effort.
Crazy Yiuf hits you with a +3 quarterstaff of chaos!
Crazy Yiuf freezes you.
Throw: 9 darts (poison)
Press: ? - help, Q - select action, (/) - cycle Shift-Dir - straight line, f/p - Crazy Yiuf
Aim: Crazy Yiuf, wielding a +3 quarterstaff of chaos and wearing a +0 cloak (softly glowing, 81% to hit)
You throw a poisoned dart. The poisoned dart hits Crazy Yiuf.
Crazy Yiuf is poisoned.
Crazy Yiuf completely misses you.
You hit Crazy Yiuf.
You feel better.
Crazy Yiuf is lightly wounded.
Crazy Yiuf hits you with a +3 quarterstaff of chaos.
You feel yourself speed up.
You hit Crazy Yiuf but do no damage.
Crazy Yiuf is lightly wounded.
Crazy Yiuf barely misses you.
You hit Crazy Yiuf.
You feel better.
Crazy Yiuf is moderately wounded.
You hit Crazy Yiuf but do no damage.
Crazy Yiuf is moderately wounded.
Crazy Yiuf hits you with a +3 quarterstaff of chaos!
Crazy Yiuf burns you.
* * * LOW HITPOINT WARNING * * *
You hit Crazy Yiuf but do no damage.
Crazy Yiuf is moderately wounded.
Crazy Yiuf stops glowing.
Crazy Yiuf hits you with a +3 quarterstaff of chaos!
You die...

#.#.##.##.#
#....## #.#
##
#[#.##.##.#
#....# #.#
#.#.##.#
♣....♣ #.#
#[#.##.##.#
♣)..♣♣ #.#
#....>....#
♣♣)♣♣ #.#
###.##.####
♣)♣♣
#.######
#.##.# ♣♣)♣
#.......
#.##.# ♣)♣♣
############
#.##.#####
♣♣@♣
#......#
#........#
#g# ######.#
####.#####
))) #.# #.#
#)))# #.#
#.# #)()#
#.# #.#
#####
######.# #.#
#......# #.#
### ####.###
#.# #.# #.#


You could see Crazy Yiuf (poisoned).

Vanquished Creatures
  2 adders (D:2)
  A worm (D:2)
  3 dart slugs
  7 orcs
  8 ball pythons
  3 endoplasms
  5 giant cockroaches
  5 goblins
  7 hobgoblins
  6 kobolds
  3 quokkas
  7 bats
  2 frilled lizards
  10 rats
69 creatures vanquished.

Vanquished Creatures (others)
  3 fungi (D:2)
3 creatures vanquished.

Grand Total: 72 creatures vanquished

Notes
Turn   | Place    | Note
-------+----------+-------------------------------------------
     0 | D:1      | AZSletch the Gnoll Arcane Marksman began the quest for the
                  | Orb.
     0 | D:1      | Reached XP level 1. HP: 17/17 MP: 4/4
   273 | D:1      | Reached XP level 2. HP: 23/23 MP: 5/5
   281 | D:1      | Learned a level 2 spell: Slow
   291 | D:1      | Found a faded altar of an unknown god.
   523 | D:1      | Reached XP level 3. HP: 16/28 MP: 7/7
   960 | D:1      | Reached skill level 1 in Invocations
  1328 | D:2      | Found Fujajuidgh's Magic Scroll Boutique.
  1416 | D:2      | Reached skill level 1 in Short Blades
  1416 | D:2      | Reached skill level 1 in Long Blades
  1416 | D:2      | Reached skill level 1 in Axes
  1416 | D:2      | Reached skill level 1 in Maces & Flails
  1416 | D:2      | Reached skill level 1 in Polearms
  1416 | D:2      | Reached skill level 1 in Staves
  1416 | D:2      | Reached skill level 1 in Bows
  1416 | D:2      | Reached skill level 1 in Crossbows
  1416 | D:2      | Reached skill level 1 in Throwing
  1416 | D:2      | Reached skill level 1 in Armour
  1416 | D:2      | Reached skill level 1 in Stealth
  1416 | D:2      | Reached skill level 1 in Shields
  1416 | D:2      | Reached skill level 1 in Unarmed Combat
  1416 | D:2      | Reached skill level 1 in Evocations
  1461 | D:2      | You fall into a shaft and drop 1 floor!
  1522 | D:3      | Found Wuba Ogu's Magic Scroll Boutique.
  1584 | D:3      | Found a hazy altar of Hepliaklqana.
  1597 | D:3      | Became a worshipper of Hepliaklqana the Forgotten
  1709 | D:3      | Found a broken altar of Ashenzari.
  1725 | D:3      | Found an iron altar of Okawaru.
  1855 | D:3      | Reached XP level 4. HP: 34/34 MP: 8/8
  2171 | D:2      | Reached skill level 1 in Conjurations
  2171 | D:2      | Reached skill level 1 in Summonings
  2171 | D:2      | Reached skill level 1 in Necromancy
  2171 | D:2      | Reached skill level 1 in Translocations
  2171 | D:2      | Reached skill level 1 in Transmutations
  2171 | D:2      | Reached skill level 1 in Fire Magic
  2171 | D:2      | Reached skill level 1 in Ice Magic
  2171 | D:2      | Reached skill level 1 in Air Magic
  2171 | D:2      | Reached skill level 1 in Earth Magic
  2171 | D:2      | Reached skill level 1 in Poison Magic
  2375 | D:2      | Found a runed translucent door.
  2376 | D:2      | Noticed Crazy Yiuf
  2388 | D:2      | Slain by Crazy Yiuf

Illustrated notes

Levels and vault maps discovered:
D:1:      dpeg_arrival_chambers_temple_mockup, layout_loops_ring,
          chequers_ecumenical_altar_grove, minmay_hexomino_c4
D:2:      layout_loops_ring, serial_shops, shop, uniq_crazy_yiuf_cottage
D:3:      layout_loops_ring, old_standard_altar, mainiacjoe_overflow_big_doors,
          serial_shops, nicolae_square_shop, serial_forest,
          infiniplex_forest_clump_tiny, infiniplex_forest_clump_tiny,
          infiniplex_forest_lined_1, infiniplex_forest_3_way,
          infiniplex_forest_zigzag_1

Skill      XL: |  1  2  3  4 |
---------------+-------------+-----
Invocations    | 1 |  1.4
Short Blades   | 1 |  1.2
Long Blades    | 1 |  1.2
Axes           | 1 |  1.2
Maces & Flails | 1 |  1.2
Polearms       | 1 |  1.2
Staves         | 1 |  1.2
Bows           | 1 |  1.2
Crossbows      | 1 |  1.2
Throwing       | 1 |  1.2
Armour         | 1 |  1.2
Stealth        | 1 |  1.2
Shields        | 1 |  1.2
Unarmed Combat | 1 |  1.2
Evocations     | 1 |  1.2
Spellcasting   | 3 |  3.0
Conjurations   | 1 |  1.0
Summonings     | 1 |  1.0
Necromancy     | 1 |  1.0
Translocations | 1 |  1.0
Transmutations | 1 |  1.0
Fire Magic     | 1 |  1.0
Ice Magic      | 1 |  1.0
Air Magic      | 1 |  1.0
Earth Magic    | 1 |  1.0
Poison Magic   | 1 |  1.0
Fighting       | |  2.8
Slings         | |  4.7
Dodging        | |  4.7
Hexes          | |  5.5

Action                   |  1- 3 |  4- 6 || total
-------------------------+-------+-------++-------
Melee: Short sword       |   143 |    75 ||   218
       Bite              |     9 |     5 ||    14
 Fire: Hunting sling     |    45 |       ||    45
Throw: Dart              |       |    13 ||    13
 Cast: Corona            |    12 |     6 ||    18
       Slow              |     4 |     5 ||     9
 Stab: Sleeping          |     1 |       ||     1
Armor: Robe              |    47 |    13 ||    60
Dodge: Dodged            |   136 |    37 ||   173
